 Dungeon Crawl Stone Soup version 0.29.1-2-gbd0b4ee654 (webtiles) character file.

Game seed: 6280774938353888949

74 leafyfresh the Gusty (level 4, -5/24 HPs)
             Began as a Tengu Air Elementalist on Nov 8, 2022.
             Slain by Sigmund
             ... wielding a +0 scythe
              (10 damage)
             ... on level 2 of the Dungeon.
             The game lasted 00:05:43 (2179 turns).

leafyfresh the Gusty (Tengu Air Elementalist)       Turns: 2179, Time: 00:05:43

Health: -5/24      AC:  2    Str:  5 (8)  XL:     4   Next: 30%
Magic:  0/8        EV: 12    Int: 15 (17) God:
Gold:   117        SH:  0    Dex: 12 (15) Spells: 4/7 levels left

rFire   + . .      SeeInvis +   r - +6 club
rCold   + . .      Faith    .   (no shield)
rNeg    . . .      Spirit   .   a - +0 robe
rPois   +          Reflect  .   (helmet restricted)
rElec   +          Harm     .   (no cloak)
rCorr   +          Rampage  .   (no gloves)
Will    .....                   (boots unavailable)
Stlth   ++........              (no amulet)
HPRegen 0.08/turn               o - ring of see invisible
MPRegen 0.11/turn               (no ring)

@: resistant, attractive, very slightly contaminated, invisible
A: beak, talons 3
a: no special abilities


You were on level 2 of the Dungeon.
You visited 1 branch of the dungeon, and saw 3 of its levels.

You collected 117 gold pieces.

Inventory:

Hand Weapons
 d - a +1 whip of pain
 r - a +6 club (weapon)
Armour
 a - a +0 robe (worn)
Magical Staves
 f - a staff of conjuration
 n - a staff of poison
Jewellery
 o - a ring of see invisible (left hand)
Wands
 q - a wand of roots (10)
Scrolls
 c - a scroll of magic mapping {unknown}
 e - 3 scrolls of identify {unknown}
 g - a scroll of noise {unknown}
 j - a scroll of fog {unknown}
 p - a scroll of poison {unknown}
Potions
 b - a potion of magic
 k - a potion of attraction
 m - a potion of mutation {unknown}


   Skills:
 - Level 2.3 Dodging
 - Level 2.1 Stealth
 - Level 2.1 Spellcasting
 + Level 3.6 Conjurations
 + Level 5.3 Air Magic


You had 4 spell levels left.
You knew the following spells:

 Your Spells              Type           Power      Damage    Failure   Level
a - Shock                 Conj/Air       56%        1d6       3%          1
b - Static Discharge      Conj/Air       14%        3-5/arc   5%          2

Your spell library contained the following spells:

 Spells                   Type           Power      Damage    Failure   Level
 Swiftness                Air            17%        N/A       8%          3
 Sandblast                Erth           2%         2d4       22%         1
 Airstrike                Air            8%         2d(2-18)  24%         4
 Stone Arrow              Conj/Erth      14%        3d7       30%         3
 Passwall                 Tmut/Erth      0%         N/A       32%         2
 Lightning Bolt           Conj/Air       7%         1d19      69%         5
 Maxwell's Capacitive Co  Air            8%         ∞         100%        8


Dungeon Overview and Level Annotations

Branches:
Dungeon (3/15)

Altars:

Annotations:
D:2 Sigmund


Innate Abilities, Weirdness & Mutations

You have a beak for a mouth.
You have claws for feet.


Message History

Casting: Static Discharge (safe; 5% risk of failure)
Confirm with . or Enter, or press ? or * to list all spells.
You miscast Static Discharge.
You are very lightly contaminated with residual magic.
Nothing appears to happen.
Sigmund drinks a potion.
Sigmund seems to speed up.
Casting: Static Discharge (safe; 5% risk of failure)
Confirm with . or Enter, or press ? or * to list all spells.
Sigmund is struck by an arc of lightning.
Sigmund is lightly wounded.
You resist.
You are struck by an arc of lightning.
Sigmund barely misses you.
Casting: Static Discharge (safe; 5% risk of failure)
Confirm with . or Enter, or press ? or * to list all spells.
Sigmund is struck by an arc of lightning.
Sigmund is moderately wounded.
You resist.
You are struck by an arc of lightning.
Sigmund hits you with a +0 scythe.
Casting: Static Discharge (safe; 5% risk of failure)
Confirm with . or Enter, or press ? or * to list all spells.
Sigmund is struck by an arc of lightning.
Sigmund is heavily wounded.
You resist.
You are struck by an arc of lightning.
Sigmund is struck by an arc of lightning.
Sigmund is severely wounded.
The lightning grounds out.
Sigmund gestures wildly while chanting.
Sigmund flickers and vanishes for a moment.
You hit Sigmund but do no damage. You peck Sigmund, but do no damage.
Sigmund is severely wounded.
Sigmund hits you with a +0 scythe!
* * * LOW HITPOINT WARNING * * *
Sigmund barely misses you.
Unknown command.
It was a potion of invisibility.
You fade into invisibility!
Sigmund misses you.
Unknown command.
You hit Sigmund. Your kick misses Sigmund.
Sigmund is almost dead.
Sigmund hits you with a +0 scythe!
You die...

##≈≈≈#..#≈≈≈≈# #.# #.# #.#
##≈≈≈##'##≈≈≈≈##.# #.# #.#
#≈≈≈≈#...#≈≈≈≈##.# #.# #.#
#≈≈≈≈#._.#≈≈≈~##.# #.# #.#
#≈~≈≈#...#≈≈~~...## #.# #.#
..~≈≈#####≈≈~.....# #.# #<#
##≈≈ ≈≈≈≈≈≈≈#.##.# #.####.#
##
≈≈≈≈≈≈~##.##.########..@....
≈≈≈≈≈~~...@@........>..###.#
##≈~~~#.##.##.#########.#
#.# #.##.# #.# #.. .....#
#.# ### ##.##.. #.# #@##.#
#.# #.##.# #.# ... .# #.#
#.# #.#


You could see Sigmund (fast, invisible, unable to see you).

Vanquished Creatures
  Jessica (D:2)
  An adder (D:2)
  A dart slug (D:2)
  2 orcs (D:3)
  5 ball pythons
  2 endoplasms
  3 goblins
  A hobgoblin (D:1)
  5 jackals (D:2)
  3 kobolds (D:1)
  2 quokkas
  4 bats
  2 frilled lizards (D:1)
  3 rats
  2 toadstools (D:1)
37 creatures vanquished.

Vanquished Creatures (others)
  2 toadstools (D:1)
2 creatures vanquished.

Grand Total: 39 creatures vanquished

Notes
Turn   | Place    | Note
-------+----------+-------------------------------------------
     0 | D:1      | leafyfresh the Tengu Air Elementalist began the quest for
                  | the Orb.
     0 | D:1      | Reached XP level 1. HP: 10/10 MP: 4/4
   402 | D:1      | Reached XP level 2. HP: 15/15 MP: 3/6
   622 | D:1      | Learned a level 2 spell: Static Discharge
   985 | D:2      | Reached XP level 3. HP: 14/19 MP: 3/7
  1121 | D:2      | Noticed Sigmund
  1887 | D:2      | Noticed Jessica
  1889 | D:2      | Killed Jessica
  1890 | D:2      | Reached skill level 5 in Air Magic
  1890 | D:2      | Reached XP level 4. HP: 23/24 MP: 5/8
  2135 | D:2      | Found a faded altar of an unknown god.
  2179 | D:2      | Slain by Sigmund

Illustrated notes

Levels and vault maps discovered:
D:1:      ldierk_water_garden, layout_loops_cross
D:2:      layout_loops_ring, nicolae_ecumenical_lake_church, uniq_jessica,
          uniq_sigmund
D:3:      layout_loops_ring, cheibriados_altar_2, mainiacjoe_overflow_alcove_3,
          cheibrodos_sewer_entry_bend

Skill      XL: |  1  2  3 |
---------------+----------+-----
Conjurations   | 2 3 |  3.6
Air Magic      | 5 |  5.3
Dodging        | |  2.3
Stealth        | |  2.1
Spellcasting   | |  2.1

Action                   |  1- 3 |  4- 6 || total
-------------------------+-------+-------++-------
Melee: Unarmed           |     7 |       ||     7
       Kick              |     6 |       ||     6
       Peck              |     4 |     2 ||     6
       Staff             |     6 |       ||     6
       Club              |       |    10 ||    10
 Cast: Shock             |    30 |       ||    30
       Static Discharge  |     6 |     3 ||     9
  Use: Potion            |       |     4 ||     4
 Stab: Sleeping          |     1 |     1 ||     2
Armor: Robe              |     4 |       ||     4
Dodge: Dodged            |    12 |     8 ||    20
